 Dungeon Crawl Stone Soup version 0.23.2-40-g277498a001 (webtiles) character file.

Game seed: 7227011284677081246

132 Curus the Twirler (level 4, 0/49 HPs)
             Began as a Demonspawn Gladiator on Oct 3, 2019.
             Was a Follower of Trog.
             Slain by an orc warrior
             ... wielding a +0 long sword
              (13 damage)
             ... on level 3 of the Dungeon.
             The game lasted 00:07:58 (2626 turns).

Curus the Twirler (Demonspawn Gladiator)            Turns: 2626, Time: 00:07:58

Health: 0/49       AC: 11    Str: 19    XL:     4   Next: 92%
Magic:  4/4        EV: 13    Int:  9    God:    Trog [*.....]
Gold:   162        SH:  0    Dex: 16    Spells: 3/3 levels left

rFire    . . .     SeeInvis .   a - +0 quarterstaff
rCold    . . .     Gourm    .   (shield currently unavailable)
rNeg     + . .     Faith    .   l - +2 scale mail {rN+}
rPois    .         Spirit   .   k - +2 helmet
rElec    .         Reflect  .   (no cloak)
rCorr    .         Harm     .   (no gloves)
MR       .....                  (no boots)
Stlth    ..........             j - amulet of the acrobat
HPRegen  0.16/turn              (no ring)
MPRegen  0.09/turn              (no ring)

@: berserking, very quick
A: repulsion field 1, demonic guardian 1
a: Berserk, Renounce Religion


You were on level 3 of the Dungeon.
You worshipped Trog.
Trog was aware of your devotion.
You were very hungry.

You visited 1 branch of the dungeon, and saw 3 of its levels.

You collected 162 gold pieces.

Inventory:

Hand Weapons
 a - a +0 quarterstaff (weapon)
Missiles
 d - a throwing net (quivered)
Armour
 b - a +0 leather armour
 c - a +1 helmet
 g - a +0 ring mail
 k - a +2 helmet (worn)
 l - a +2 scale mail of positive energy (worn)
Jewellery
 e - an uncursed amulet of magic regeneration
 j - an amulet of the acrobat (around neck)
Scrolls
 m - a scroll of fear
Potions
 h - a potion of invisibility
Comestibles
 f - 4 rations
 i - 2 chunks of flesh


   Skills:
 - Level 2.0 Fighting
 + Level 5.2 Staves
 - Level 1.7 Throwing
 - Level 2.6 Dodging


You had 3 spell levels left.
You didn't know any spells.
Your spell library was empty.

Dungeon Overview and Level Annotations

Branches:
Dungeon (3/15)

Altars:
Elyvilon
Gozag
Sif Muna
Trog
Uskayaw
Vehumet


Innate Abilities, Weirdness & Mutations

You are surrounded by a mild repulsion field. (EV +2)
A weak demonic guardian rushes to your aid.


Message History

You are feeling very hungry.
The orc warrior hits you but does no damage.
The orc hits you but does no damage.
You closely miss the orc warrior.
The orc warrior is moderately wounded.
You hit the orc warrior.
The orc warrior is moderately wounded.
The orc warrior hits you but does no damage.
The orc closely misses you.
You hit the orc warrior but do no damage.
The orc warrior is moderately wounded.
The orc closely misses you.
You hit the orc warrior.
The orc warrior is heavily wounded.
The orc warrior barely misses you.
You closely miss the orc warrior.
The orc warrior is heavily wounded.
The orc misses you.
The orc warrior hits you with a +0 long sword!
You die...

#.# ##'## #.# #.#
#.# #.# #.# #.# #
..# #.######
##.##.###! ##
#......####...#.....
#....†.......#
#.##.###....##
#.###.#o######.#
.......@ooo....#
##.....##########
#######


You could see an orc warrior and 3 orcs.

Vanquished Creatures
  An orc wizard (D:3)
  4 adders
  An ooze (D:3)
  4 worms
  A dart slug (D:2)
  A leopard gecko (D:3)
  2 ball pythons (D:3)
  3 goblins
  5 hobgoblins
  9 jackals
  4 bats
  3 frilled lizards
  6 kobolds
  7 rats
51 creatures vanquished.

Notes
Turn   | Place    | Note
-------+----------+-------------------------------------------
     0 | D:1      | Curus the Demonspawn Gladiator began the quest for the Orb.
     0 | D:1      | Reached XP level 1. HP: 16/16 MP: 1/1
   314 | D:1      | Reached skill level 3 in Staves
   850 | D:2      | Gained mutation: A weak demonic guardian rushes to your
                  | aid. [demonic ancestry]
   850 | D:2      | Reached XP level 2. HP: 20/22 MP: 2/2
   873 | D:2      | Found a radiant altar of Vehumet.
  1148 | D:2      | Found a deep blue altar of Sif Muna.
  1151 | D:2      | Found an opulent altar of Gozag.
  1152 | D:2      | Found a hide-covered altar of Uskayaw.
  1153 | D:2      | Found a bloodstained altar of Trog.
  1161 | D:2      | Became a worshipper of Trog the Wrathful
  1279 | D:2      | Gained mutation: You are surrounded by a mild repulsion
                  | field. (EV +2) [demonic ancestry]
  1279 | D:2      | Reached XP level 3. HP: 18/27 MP: 3/3
  1298 | D:2      | Reached skill level 4 in Staves
  2001 | D:3      | Reached XP level 4. HP: 33/33 MP: 4/4
  2123 | D:3      | Reached * piety under Trog
  2273 | D:3      | Found a white marble altar of Elyvilon.
  2596 | D:3      | Noticed an orc warrior
  2606 | D:3      | Reached skill level 5 in Staves
  2626 | D:3      | Slain by an orc warrior

Skill      XL: |  1  2  3  4 |
---------------+-------------+-----
Staves         | 3 4 5 |  5.2
Fighting       | |  2.0
Throwing       | |  1.7
Dodging        | |  2.6

Action                   |  1- 3 |  4- 6 || total
-------------------------+-------+-------++-------
Melee: Quarterstaff      |    89 |    84 ||   173
Throw: Throwing net      |     2 |       ||     2
Invok: Berserk           |       |     1 ||     1
  Use: Scroll            |     5 |     3 ||     8
       Potion            |     4 |     1 ||     5
 Stab: Held in net/web   |     2 |       ||     2
       Invisible         |     1 |       ||     1
  Eat: Chunk             |     2 |     3 ||     5
Armor: Leather armour    |     7 |       ||     7
       Ring mail         |    14 |    12 ||    26
       Scale mail        |       |     9 ||     9
Dodge: Dodged            |    55 |    59 ||   114
